 Dungeon Crawl Stone Soup version 0.28-a0-43-g560ac104fe (webtiles) character file.

Game seed: 17252784928631478103

4 DasRunzen the Magician (level 1, 0/16 HPs)
             Began as a Draconian Wanderer on July 28, 2021.
             Slain by a jackal (2 damage)
             ... on level 1 of the Dungeon.
             The game lasted 00:00:56 (429 turns).

DasRunzen the Magician (Draconian Wanderer)          Turns: 429, Time: 00:00:57

Health: 0/16       AC:  4    Str: 18    XL:     1   Next: 58%
Magic:  5/5        EV:  8    Int: 10    God:
Gold:   0          SH:  7    Dex:  8    Spells: 7/8 levels left

rFire   . . .      SeeInvis .   a - +0 club
rCold   . . .      Faith    .   b - +0 kite shield
rNeg    . . .      Spirit   .   (armour unavailable)
rPois   .          Reflect  .   (helmet restricted)
rElec   .          Harm     .   (no cloak)
rCorr   .          Rampage  .   (no gloves)
Will    .....                   (no boots)
Stlth   +.........              (no amulet)
HPRegen 0.05/turn               (no ring)
MPRegen 0.09/turn               (no ring)

@: no status effects
A: AC +4, unfitting armour, cold-blooded
a: no special abilities


You were on level 1 of the Dungeon.
You visited 1 branch of the dungeon, and saw 1 of its levels.

Inventory:

Hand Weapons
 a - a +0 club (weapon)
Armour
 b - a +0 kite shield (worn)
Potions
 c - a potion of magic {unknown}
 d - a potion of ambrosia {unknown}


   Skills:
 + Level 1.2 Fighting
 + Level 0.2 Maces & Flails
 - Level 1.7 Bows
 - Level 1.0 Throwing
 + Level 0.1 Dodging
 + Level 1.0 Shields
 + Level 4.0 Spellcasting
 + Level 1.1 Conjurations
 + Level 0.2 Fire Magic


You had 7 spell levels left.
You knew the following spells:

 Your Spells              Type           Power      Damage    Failure   Level
a - Foxfire               Conj/Fire      12%        2x1d4     75%         1

Your spell library contained the following spells:

 Spells                   Type           Power      Damage    Failure   Level
 Mephitic Cloud           Conj/Pois/Air  2%         N/A       99%         3


Dungeon Overview and Level Annotations

Branches:
Dungeon (1/15)

Altars:


Innate Abilities, Weirdness & Mutations

Your plain brown scales are hard. (AC +4)
You cannot fit into any form of body armour.
You are cold-blooded and may be slowed by cold attacks.


Message History

You hit the quokka but do no damage.
The quokka is heavily wounded.
The jackal bites you. The quokka bites you. You block the jackal's attack.
You hit the quokka but do no damage.
The quokka is heavily wounded.
You block the quokka's attack. The jackal barely misses you.
The quokka bites you.
The jackal bites you but does no damage. x2
The quokka bites you. x2
* * * LOW HITPOINT WARNING * * *
Found a robe.
The jackal bites you but does no damage.
Your magical contamination has completely faded away.
You closely miss the jackal.
The jackal bites you but does no damage.
You block the jackal's attack.
You closely miss the jackal.
You tail-slap the jackal, but do no damage.
The jackal bites you.
* * * LOW HITPOINT WARNING * * *
You block the jackal's attack. x2
You hit the jackal.
The jackal is severely wounded.
The jackal bites you.
* * * LOW HITPOINT WARNING * * *
The jackal bites you but does no damage.
You closely miss the jackal.
The jackal is severely wounded.
You block the jackal's attack.
The jackal bites you but does no damage.
You closely miss the jackal.
Your tail-slap misses the jackal.
The jackal is severely wounded.
The jackal bites you.
* * * LOW HITPOINT WARNING * * *
You block the jackal's attack.
You completely miss the jackal.
The jackal is severely wounded.
You block the jackal's attack. The jackal closely misses you.
The jackal bites you.
You die...

## .# .#### ##....
#...###. ........
#.#####...###
#....@hr...[#
#######h.##.# #..#
####..##.### #
#........... #.
#.##..##.#..
#.###.#######.##..##
..
#...>....).........#
..
#........###..##..##
.


You could see a quokka and 2 jackals.

Vanquished Creatures
  An endoplasm (D:1)
  A giant cockroach (D:1)
  A kobold (D:1)
  A frilled lizard (D:1)
4 creatures vanquished.

Vanquished Creatures (others)
  2 foxfires (D:1)
2 creatures vanquished.

Grand Total: 6 creatures vanquished

Notes
Turn   | Place    | Note
-------+----------+-------------------------------------------
     0 | D:1      | DasRunzen the Draconian Wanderer began the quest for the
                  | Orb.
     0 | D:1      | DasRunzen set off with the following items: a +0 club, a +0
                  | kite shield; and the following spell memorised: Foxfire;
                  | and the following spells available to memorise: Mephitic
                  | Cloud
     0 | D:1      | Reached XP level 1. HP: 16/16 MP: 5/5
   429 | D:1      | Slain by a jackal

Illustrated notes

Levels and vault maps discovered:
D:1:      amcnicky_arrival_underground_garden, layout_loops_ring,
          shapermc_ecumenical_altar_acropolis, minmay_heptomino_d4

Action                   || total
-------------------------++-------
Melee: Club              ||    33
       Tailslap          ||     4
 Cast: Foxfire           ||     1
Armor: Skin              ||    16
Dodge: Dodged            ||    17
Block: Kite shield       ||    28

Table legend: (Time is in decaauts)
 A = Elapsed time spent in this place.
 B = Non-inter-level travel time spent in this place.
 C = Inter-level travel time spent in this place.
 D = Time resting spent in this place.
 E = Time spent auto-exploring this place.
 F = Levels seen in this place.
 G = Mean time per level.
                   A        B        C        D        E       F      G
               +--------+--------+--------+--------+--------+-----+--------+
         Total |    449 |    449 |      0 |     18 |    353 |   1 |  449.0 |
       Dungeon |    449 |    449 |      0 |     18 |    353 |   1 |  449.0 |
               +--------+--------+--------+--------+--------+-----+--------+

Top non-repeatable levels by time:
     D:1: 449 daAuts
